 Dungeon Crawl Stone Soup version 0.31-a0-948-gf5be29c462 (webtiles) character file.

Game seed: 8852180840899179674

140 Dirtsage the Chopper (level 5, -12/41 HPs)
             Began as a Demonspawn Fighter on Oct 21, 2023.
             Killed by nerve-wracking pain
             ... invoked by Grinder
              (14 damage)
             ... on level 3 of the Dungeon.
             The game lasted 00:02:16 (1602 turns).

Dirtsage the Chopper (Demonspawn Fighter)           Turns: 1602, Time: 00:02:17

Health: -12/41     AC: 12    Str: 19    XL:     5   Next: 2%
Magic:  14/14      EV: 10    Int:  9    God:
Gold:   54         SH:  4    Dex: 12    Spells: 4/4 levels left

rFire   . . .        a - +0 war axe
rCold   . . .        c - +0 buckler
rNeg    . . .        b - +0 scale mail
rPois   .            u - +0 helmet
rElec   .            (no cloak)
rCorr   .            e - +2 pair of gloves
SInv    .            q - +0 pair of boots
Will    .....        (no amulet)
Stlth   +            t - ring of magical power
HPRegen 0.26/turn    (no ring)
MPRegen 0.14/turn

%: no passive effects
@: no status effects
A: sturdy frame 2
a: no special abilities


You were on level 3 of the Dungeon.
You visited 1 branch of the dungeon, and saw 3 of its levels.

You collected 54 gold pieces.

Inventory:

Hand Weapons
 a - a +0 war axe (weapon)
Armour
 b - a +0 scale mail (worn)
 c - a +0 buckler (worn)
 e - a +2 pair of gloves (worn)
 q - a +0 pair of boots (worn)
 u - a +0 helmet (worn)
Jewellery
 t - a ring of magical power (left hand)
Scrolls
 h - a scroll of poison {unknown}
 i - 2 scrolls of noise {unknown}
 j - a scroll of revelation {unknown}
 l - a scroll of silence {unknown}
 m - 3 scrolls of enchant weapon {unknown}
 o - 2 scrolls of immolation {unknown}
 p - 2 scrolls of identify {unknown}
 r - a scroll of enchant armour {unknown}
Potions
 d - 3 potions of might
 f - 3 potions of curing {unknown}
 g - a potion of magic {unknown}
 k - a potion of mutation {unknown}
 n - 2 potions of heal wounds {unknown}
 s - a potion of berserk rage {unknown}
 v - a potion of enlightenment {unknown}


   Skills:
 - Level 3.0 Fighting
 + Level 4.8 Axes
 - Level 2.6 Armour
 - Level 2.6 Shields


You had 4 spell levels left.
You didn't know any spells.
Your spell library contained the following spells:

 Spells                   Type           Power      Damage    Failure   Level
 Ozocubu's Armour         Ice            0%         N/A       92%         3
 Metabolic Englaciation   Hex/Ice        0%         N/A       100%        5
 Simulacrum               Ice/Necr       0%         N/A       100%        6


Dungeon Overview and Level Annotations

Branches:
Dungeon (3/15)

Altars:

Annotations:
D:3 Grinder


Innate Abilities, Weirdness & Mutations

Your movements are less encumbered by armour. (ER -4)


Message History

You slash Grinder!
Grinder is severely wounded.
Grinder blinks!
Grinder blinks!
A gnoll comes into view. It is wielding a +0 flail.
You barely miss Grinder.
Grinder is severely wounded.
Grinder hits you.
You writhe in agony.
You take 11 damage, and have 26/41 hp.
MASSIVE DAMAGE!!
You closely miss Grinder.
Grinder is severely wounded.
Grinder hits you!
You writhe in agony.
You take 13 damage, and have 13/41 hp.
MASSIVE DAMAGE!!
You closely miss Grinder.
Grinder is severely wounded.
Grinder hits you but does no damage.
You hit Grinder but do no damage.
Grinder is severely wounded.
Grinder hits you but does no damage. x2
You barely miss Grinder.
Grinder is severely wounded.
Grinder completely misses you.
You closely miss Grinder.
Grinder is severely wounded.
You slash the gnoll! The gnoll hits you with a +0 flail.
* * * LOW HITPOINT WARNING * * *
Grinder hits you.
* * * LOW HITPOINT WARNING * * *
You writhe in agony.
* * * LOW HITPOINT WARNING * * *
The gnoll hits you with a +0 flail.
* * * LOW HITPOINT WARNING * * *
You take 13 damage, and have 2/41 hp.
MASSIVE DAMAGE!!
You hit Grinder.
Grinder is severely wounded.
You closely miss the gnoll. Grinder gestures at you.
Pain shoots through your body!
You die...
Grinder says, "Now the real fun starts!"

#.# #.# #.# #
#.# .. #.# ..
########.###.#
###............#
..#.....5@g....#
#.#.######.###.#
#.#.# #.#
######.#.# #.#
.........# #.#
######.#.# #.#
#.#.# #..
#.#.########
#.#.....#


You could see Grinder and a gnoll.

Vanquished Creatures
  A hound (D:2)
  An iguana (D:3)
  Robin (D:3)
  2 worms
  2 dart slugs
  2 bats (D:1)
  4 endoplasms
  6 giant cockroaches
  11 goblins
  7 hobgoblins
  4 jackals (D:1)
  9 kobolds
  A quokka (D:2)
  A ball python (D:2)
  3 frilled lizards
  A rat (D:1)
56 creatures vanquished.

Notes
Turn   | Place    | Note
-------+----------+-------------------------------------------
     0 | D:1      | Dirtsage the Demonspawn Fighter began the quest for the
                  | Orb.
     0 | D:1      | Reached XP level 1. HP: 18/18 MP: 1/1
    49 | D:1      | Reached skill level 2 in Axes
    53 | D:1      | Gained mutation: Your movements are slightly less
                  | encumbered by armour. (ER -2) [demonic ancestry]
    53 | D:1      | Reached XP level 2. HP: 16/24 MP: 2/2
   212 | D:1      | Reached skill level 3 in Axes
   373 | D:1      | Reached XP level 3. HP: 29/29 MP: 3/3
   865 | D:2      | Reached skill level 4 in Axes
   865 | D:2      | Gained mutation: Your movements are less encumbered by
                  | armour. (ER -4) [demonic ancestry]
   865 | D:2      | Reached XP level 4. HP: 31/35 MP: 4/4
  1368 | D:3      | Noticed Robin
  1383 | D:3      | Killed Robin
  1511 | D:3      | Reached XP level 5. HP: 31/41 MP: 5/5
  1584 | D:3      | Noticed Grinder
  1601 | D:3      | HP: 2/41 [gnoll/+0 flail (4)]
  1602 | D:3      | Killed from afar by Grinder

Illustrated notes

Levels and vault maps discovered:
D:1:      dpeg_arrival_signposts, layout_basic, serial_bayou_pond_e
D:2:      layout_loops_ring
D:3:      cheibrodos_pilgrimage, layout_loops_ring,
          nicolae_overflow_ecumenical_swirl, corexii_leaking_fountain,
          st_stairs_3, uniq_grinder, uniq_robin

Skill      XL: |  1  2  3 |
---------------+----------+-----
Axes           | 2 3 4 |  4.8
Fighting       | |  3.0
Armour         | |  2.6
Shields        | |  2.6

Action                     |  1- 3 |  4- 6 || total
---------------------------+-------+-------++-------
  Melee: War axe           |    92 |    57 ||   149
 Armour: Scale mail        |    81 |    48 ||   129
  Dodge: Dodged            |    57 |    27 ||    84
  Block: Buckler           |    22 |    14 ||    36

Table legend: (Time is in decaauts)
 A = Elapsed time spent in this place.
 B = Non-inter-level travel time spent in this place.
 C = Inter-level travel time spent in this place.
 D = Time resting spent in this place.
 E = Time spent auto-exploring this place.
 F = Levels seen in this place.
 G = Mean time per level.
                   A        B        C        D        E       F      G
               +--------+--------+--------+--------+--------+-----+--------+
         Total |   1655 |   1606 |     49 |      0 |   1241 |   3 |  551.7 |
       Dungeon |   1655 |   1606 |     49 |      0 |   1241 |   3 |  551.7 |
               +--------+--------+--------+--------+--------+-----+--------+

Top non-repeatable levels by time:
     D:2: 686 daAuts
     D:1: 625 daAuts
     D:3: 343 daAuts
